NYP
LOWELL SPINNERS @ IDAHO FALLS CHUKARS
08/13/2049
 
TOP OF THE 1ST
Lowell Spinners batting - Pitching for Idaho Falls Chukars : RHP Brian Owens
Pitching: RHP Brian Owens
Batting: LHB Eric Gaugler 0-0: Ball
1-0: Swinging Strike
1-1: Ball
2-1: Ball
3-1: SINGLE (Line Drive, 56D, EV 96.2 MPH)
Batting: LHB Kevin Rolison 0-0: Ball
1-0: Called Strike
1-1: Ball
Eric Gaugler is caught stealing 2nd base 2-6
2-1: Fly out, F9 (Line Drive, 89M, EV 89.4 MPH)
Batting: LHB Danny Montoya 0-0: Ground out 6-3 (Groundball, 6, EV 80.6 MPH)
Top of the 1st over - 0 runs, 1 hit, 0 errors, 0 left on base; Lowell 0 - Idaho Falls 0
BOTTOM OF THE 1ST
Idaho Falls Chukars batting - Pitching for Lowell Spinners : RHP Alan Phillips
Pitching: RHP Alan Phillips
Batting: RHB Shura Mogilny 0-0: Foul Ball, location: 2F
0-1: Foul Ball, location: 2F
0-2: Ball
1-2: Foul Ball, location: 2F
1-2: Ground out 2-3 (Groundball, 13S, EV 71.2 MPH)
Batting: RHB Milanni Isaaka 0-0: Ground out 4-3 (Groundball, 4, EV 101.9 MPH)
Batting: RHB Hugo Chavez 0-0: Ball
1-0: Ball
2-0: SINGLE (Flyball, 9LS, EV 88.8 MPH)
Batting: LHB Jayden Pelayo 0-0: SINGLE (Flyball, 9S, EV 90.6 MPH)
Hugo Chavez to second
Batting: SHB Glenn Harrison 0-0: Called Strike
0-1: SINGLE (Groundball, 6D, EV 96.9 MPH)
Hugo Chavez to third
Jayden Pelayo to second
Runner from 3rd tries for Home, SAFE, throw by CF to home
Batting: RHB Joe Gabriel 0-0: Called Strike
0-1: Called Strike
0-2: Ball
1-2: Foul Ball, location: 2F
1-2: Ball
2-2: Foul Ball, location: 2F
2-2: Strikes out swinging
Bottom of the 1st over - 1 run, 3 hits, 0 errors, 2 left on base; Lowell 0 - Idaho Falls 1
TOP OF THE 2ND
Lowell Spinners batting - Pitching for Idaho Falls Chukars : RHP Brian Owens
Batting: LHB Javier Cajina 0-0: Ball
1-0: SOLO HOME RUN (Flyball, 78XD, EV 107.5 MPH), Distance : 408 ft
Batting: RHB Willie Camacho 0-0: Called Strike
0-1: Called Strike
0-2: Ball
1-2: Fly out, F9 (Flyball, 89D, EV 91.2 MPH)
Batting: RHB Bakhtiar Asadov 0-0: Ball
1-0: Called Strike
1-1: Ball
2-1: Swinging Strike
2-2: Ball
3-2: Strikes out looking
Batting: RHB Mike Strey 0-0: Foul Ball, location: 2F
0-1: Ball
1-1: DOUBLE (Line Drive, 7LM, EV 88.1 MPH)
Batting: RHB Jose Molina 0-0: Foul Ball, location: 2F
0-1: Ball
1-1: Ball
2-1: Foul Ball, location: 2F
2-2: Ball
3-2: Base on Balls
Batting: RHB Roger Mitchell 0-0: Foul Ball, location: 2F
0-1: Ball
1-1: Ball
2-1: Fly out, F8 (Flyball, 8LXD, EV 100.6 MPH)
Top of the 2nd over - 1 run, 2 hits, 0 errors, 2 left on base; Lowell 1 - Idaho Falls 1
BOTTOM OF THE 2ND
Idaho Falls Chukars batting - Pitching for Lowell Spinners : RHP Alan Phillips
Batting: RHB Bill Cranton 0-0: Called Strike
0-1: Ball
1-1: Ground out 6-3 (Groundball, 6, EV 87.5 MPH)
Batting: RHB Juan Nieves 0-0: Ground out 6-3 (Groundball, 6, EV 96.9 MPH)
Batting: RHB Dermott Ayliffe 0-0: Ball
1-0: Swinging Strike
1-1: Swinging Strike
1-2: SINGLE (Flyball, 78S, EV 97.5 MPH)
Batting: RHB Shura Mogilny 0-0: Ball
1-0: Called Strike
1-1: Ball
2-1: Ground out 1-3 (Groundball, 13S, EV 71.2 MPH)
Bottom of the 2nd over - 0 runs, 1 hit, 0 errors, 1 left on base; Lowell 1 - Idaho Falls 1
TOP OF THE 3RD
Lowell Spinners batting - Pitching for Idaho Falls Chukars : RHP Brian Owens
Batting: LHB Eric Gaugler 0-0: Ball
1-0: Ball
2-0: Ball
3-0: Foul Ball, location: 2F
3-1: Base on Balls
Batting: LHB Kevin Rolison 0-0: Called Strike
0-1: Ball
1-1: Fly out, F8 (Flyball, 8RXD, EV 90.6 MPH)
Batting: LHB Danny Montoya 0-0: Called Strike
0-1: Swinging Strike
0-2: Ball
1-2: Fielders Choice at 2nd, 1-6 (Groundball, 34S, EV 68.8 MPH)
Batting: LHB Javier Cajina 0-0: Ball
1-0: Called Strike
1-1: Swinging Strike
1-2: Foul Ball, location: 2F
1-2: Ground out 5-3 (Groundball, 56S, EV 86.9 MPH)
Top of the 3rd over - 0 runs, 0 hits, 0 errors, 1 left on base; Lowell 1 - Idaho Falls 1
BOTTOM OF THE 3RD
Idaho Falls Chukars batting - Pitching for Lowell Spinners : RHP Alan Phillips
Batting: RHB Milanni Isaaka 0-0: Called Strike
0-1: Foul Ball, location: 2F
0-2: Strikes out swinging
Batting: RHB Hugo Chavez 0-0: Fly out, F7 (Flyball, 7LSF, EV 94.4 MPH)
Batting: LHB Jayden Pelayo 0-0: SINGLE (Groundball, 6, EV 94.4 MPH)
Batting: SHB Glenn Harrison 0-0: Ball
1-0: DOUBLE (Flyball, 8RXD, EV 90.6 MPH)
Jayden Pelayo to third
Batting: RHB Joe Gabriel 0-0: Ball
Wild Pitch!
Jayden Pelayo scores
Glenn Harrison to third
1-0: Ball
2-0: Called Strike
2-1: Swinging Strike
2-2: Foul Ball, location: 2F
2-2: Foul Ball, location: 2F
2-2: Strikes out looking
Bottom of the 3rd over - 1 run, 2 hits, 0 errors, 1 left on base; Lowell 1 - Idaho Falls 2
TOP OF THE 4TH
Lowell Spinners batting - Pitching for Idaho Falls Chukars : RHP Brian Owens
Batting: RHB Willie Camacho 0-0: Ball
1-0: Called Strike
1-1: Ball
2-1: Ball
3-1: Base on Balls
Batting: RHB Bakhtiar Asadov 0-0: Ball
1-0: Ball
2-0: Swinging Strike
2-1: Ball
3-1: Base on Balls
Willie Camacho to second
Batting: RHB Mike Strey 0-0: Ball
1-0: Fly out, F7 (Flyball, 7LS, EV 93.1 MPH)
Batting: RHB Jose Molina 0-0: Ball
1-0: Ball
2-0: Ball
3-0: Base on Balls
Willie Camacho to third
Bakhtiar Asadov to second
Batting: RHB Roger Mitchell 0-0: Swinging Strike
0-1: Ball
1-1: Ball
2-1: Ball
3-1: Swinging Strike
3-2: Base on Balls
Willie Camacho scores
Bakhtiar Asadov to third
Jose Molina to second
Batting: LHB Eric Gaugler 0-0: SINGLE (Flyball, 8RS, EV 91.2 MPH)
Bakhtiar Asadov scores
Jose Molina to third
Roger Mitchell to second
Runner from 3rd tries for Home, throw by CF and OUT! 8-2
Batting: LHB Kevin Rolison 0-0: Ball
1-0: Ball
Roger Mitchell steals 3rd base
Eric Gaugler to second
2-0: SINGLE (Groundball, 56D, EV 105.0 MPH)
Roger Mitchell scores
Eric Gaugler to third
Runner from 3rd tries for Home, SAFE, throw by LF to home
Pitching: RHP Zong-yuan Xue
Batting: LHB Danny Montoya 0-0: Called Strike
Kevin Rolison steals 2nd base
0-1: Called Strike
0-2: SINGLE (Groundball, 4MD, EV 106.9 MPH)
Kevin Rolison to third
Runner from 3rd tries for Home, SAFE, throw by CF to home
Danny Montoya to second
Batting: LHB Javier Cajina 0-0: Ground out 4-3 (Groundball, 4S, EV 83.8 MPH)
Top of the 4th over - 5 runs, 3 hits, 0 errors, 1 left on base; Lowell 6 - Idaho Falls 2
BOTTOM OF THE 4TH
Idaho Falls Chukars batting - Pitching for Lowell Spinners : RHP Alan Phillips
Batting: RHB Bill Cranton 0-0: Hit by Pitch
Batting: RHB Juan Nieves 0-0: Called Strike
0-1: Ball
1-1: Grounds into double play, 6-4-3 (Groundball, 6, EV 81.9 MPH)
Batting: RHB Dermott Ayliffe 0-0: Called Strike
0-1: Called Strike
0-2: Strikes out swinging
Bottom of the 4th over - 0 runs, 0 hits, 0 errors, 0 left on base; Lowell 6 - Idaho Falls 2
TOP OF THE 5TH
Lowell Spinners batting - Pitching for Idaho Falls Chukars : RHP Zong-yuan Xue
Batting: RHB Willie Camacho 0-0: Ball
1-0: Ball
2-0: Foul Ball, location: 2F
2-1: Hit by Pitch
Batting: RHB Bakhtiar Asadov 0-0: Called Strike
0-1: Called Strike
0-2: Strikes out looking
Batting: RHB Mike Strey 0-0: Called Strike
0-1: Called Strike
0-2: Strikes out swinging
Batting: RHB Jose Molina 0-0: Ball
Willie Camacho is caught stealing 2nd base 2-4
Top of the 5th over - 0 runs, 0 hits, 0 errors, 0 left on base; Lowell 6 - Idaho Falls 2
BOTTOM OF THE 5TH
Idaho Falls Chukars batting - Pitching for Lowell Spinners : RHP Alan Phillips
Batting: RHB Shura Mogilny 0-0: Ball
1-0: Called Strike
1-1: Called Strike
1-2: Foul Ball, location: 2F
1-2: Ground out 6-3 (Groundball, 6, EV 76.2 MPH)
Batting: RHB Milanni Isaaka 0-0: SINGLE (Line Drive, 4D, EV 96.9 MPH)
Batting: RHB Hugo Chavez 0-0: Fielders Choice at 2nd, 1-6 (Groundball, 13S, EV 69.4 MPH)
Batting: LHB Jayden Pelayo 0-0: Ground out U3 (Groundball, 3, EV 85.6 MPH)
Bottom of the 5th over - 0 runs, 1 hit, 0 errors, 1 left on base; Lowell 6 - Idaho Falls 2
TOP OF THE 6TH
Lowell Spinners batting - Pitching for Idaho Falls Chukars : RHP Zong-yuan Xue
Batting: RHB Jose Molina 0-0: Ball
1-0: Ground out 6-3 (Groundball, 6, EV 98.8 MPH)
Batting: RHB Roger Mitchell 0-0: Called Strike
0-1: Foul Ball, location: 2F
0-2: Ball
1-2: Ball
2-2: Strikes out swinging
Batting: LHB Eric Gaugler 0-0: Called Strike
0-1: Ball
1-1: Ground out 3-1 (Groundball, 34, EV 94.4 MPH)
Top of the 6th over - 0 runs, 0 hits, 0 errors, 0 left on base; Lowell 6 - Idaho Falls 2
BOTTOM OF THE 6TH
Idaho Falls Chukars batting - Pitching for Lowell Spinners : RHP Alan Phillips
Batting: SHB Glenn Harrison 0-0: Ball
1-0: Ball
2-0: Ball
3-0: Called Strike
3-1: SINGLE (Flyball, 8LS, EV 100.6 MPH)
Batting: RHB Joe Gabriel 0-0: Foul Ball, location: 2F
0-1: Ball
1-1: Ball
2-1: Foul Ball, location: 2F
2-2: SINGLE (Groundball, 34D, EV 105.6 MPH)
Glenn Harrison to second
Runner from 2nd tries for 3rd, SAFE, throw by RF made to third
Joe Gabriel to second
Batting: RHB Bill Cranton 0-0: Ground out 6-3 (Groundball, 6, EV 106.9 MPH)
Glenn Harrison scores
Batting: RHB Juan Nieves 0-0: Ball
1-0: SINGLE (Groundball, 6D, EV 103.1 MPH)
Joe Gabriel to third
Batting: RHB Dermott Ayliffe 0-0: Foul Ball, location: 2F
0-1: Ball
1-1: Swinging Strike
1-2: Ball
2-2: Ball
3-2: Strikes out swinging
Batting: RHB Shura Mogilny 0-0: Called Strike
0-1: Swinging Strike
0-2: Ball
1-2: Strikes out swinging
Bottom of the 6th over - 1 run, 3 hits, 0 errors, 2 left on base; Lowell 6 - Idaho Falls 3
TOP OF THE 7TH
Lowell Spinners batting - Pitching for Idaho Falls Chukars : RHP Zong-yuan Xue
Batting: LHB Kevin Rolison 0-0: Ground out 6-3 (Groundball, 6S, EV 86.2 MPH)
Batting: LHB Danny Montoya 0-0: Ball
1-0: Ball
2-0: Foul Ball, location: 2F
2-1: Swinging Strike
2-2: Strikes out looking
Batting: LHB Javier Cajina 0-0: Ball
1-0: Ball
2-0: Called Strike
2-1: Called Strike
2-2: Ball
3-2: Fly out, F7 (Flyball, 7, EV 90.6 MPH)
Top of the 7th over - 0 runs, 0 hits, 0 errors, 0 left on base; Lowell 6 - Idaho Falls 3
BOTTOM OF THE 7TH
Idaho Falls Chukars batting - Pitching for Lowell Spinners : RHP Alan Phillips
Batting: RHB Milanni Isaaka 0-0: Ball
1-0: Ball
2-0: Called Strike
2-1: DOUBLE (Groundball, 5L, EV 103.8 MPH)
Batting: RHB Hugo Chavez 0-0: SINGLE (Flyball, 8RS, EV 100.6 MPH)
Milanni Isaaka to third
Batting: LHB Jayden Pelayo 0-0: Called Strike
0-1: Grounds into double play, 4-6-3 (Groundball, 34, EV 85.0 MPH)
Milanni Isaaka scores
Batting: SHB Glenn Harrison 0-0: Ball
1-0: Called Strike
1-1: Ball
2-1: Called Strike
2-2: Foul Ball, location: 2F
2-2: Strikes out swinging
Bottom of the 7th over - 1 run, 2 hits, 0 errors, 0 left on base; Lowell 6 - Idaho Falls 4
TOP OF THE 8TH
Lowell Spinners batting - Pitching for Idaho Falls Chukars : RHP Zong-yuan Xue
Pitching: LHP Tristan Irwin
Batting: RHB Willie Camacho 0-0: Foul Ball, location: 2F
0-1: Swinging Strike
0-2: Ball
1-2: Fly out, F9 (Flyball, 9LS, EV 86.2 MPH)
Batting: RHB Bakhtiar Asadov 0-0: Called Strike
0-1: Ball
1-1: Foul Ball, location: 2F
1-2: SINGLE (Line Drive, 78M, EV 91.2 MPH)
Batting: RHB Mike Strey 0-0: Ball
1-0: Called Strike
1-1: SINGLE (Groundball, 56D, EV 95.6 MPH)
Bakhtiar Asadov to second
Batting: RHB Jose Molina 0-0: Called Strike
0-1: Called Strike
0-2: Strikes out swinging
Batting: RHB Roger Mitchell 0-0: Called Strike
0-1: Foul Ball, location: 2F
0-2: Ball
1-2: Strikes out swinging
Top of the 8th over - 0 runs, 2 hits, 0 errors, 2 left on base; Lowell 6 - Idaho Falls 4
BOTTOM OF THE 8TH
Idaho Falls Chukars batting - Pitching for Lowell Spinners : RHP Alan Phillips
Batting: RHB Joe Gabriel 0-0: Ground out U3 (Groundball, 3, EV 93.1 MPH)
Batting: RHB Bill Cranton 0-0: Called Strike
0-1: Called Strike
0-2: Fly out, F8 (Flyball, 8RM, EV 80.6 MPH)
Batting: RHB Juan Nieves 0-0: Called Strike
0-1: Ball
1-1: Called Strike
1-2: DOUBLE (Line Drive, 7LS, EV 105.0 MPH)
Pitching: RHP Mike Goodwin
Batting: RHB Dermott Ayliffe 0-0: SINGLE (Groundball, 6D, EV 105.6 MPH)
Juan Nieves to third
Runner from 3rd tries for Home, SAFE, throw by CF to home
Batting: RHB Shura Mogilny 0-0: Ball
1-0: Ball
2-0: Ball
3-0: Called Strike
3-1: Swinging Strike
3-2: Strikes out swinging
Bottom of the 8th over - 1 run, 2 hits, 0 errors, 1 left on base; Lowell 6 - Idaho Falls 5
TOP OF THE 9TH
Lowell Spinners batting - Pitching for Idaho Falls Chukars : LHP Tristan Irwin
Batting: LHB Eric Gaugler 0-0: Ball
1-0: Ball
2-0: Ball
3-0: Called Strike
3-1: Fly out, F7 (Flyball, 7D, EV 103.8 MPH)
Batting: RHB Mike Rosa 0-0: Called Strike
0-1: Ball
1-1: Foul Ball, location: 2F
1-2: Ball
2-2: SINGLE (Groundball, 4D, EV 98.1 MPH)
Batting: LHB Danny Montoya 0-0: Ball
1-0: Ball
2-0: Ball
3-0: Base on Balls
Mike Rosa to second
Batting: LHB Javier Cajina 0-0: Ball
Balk!
Mike Rosa to third
Danny Montoya to second
1-0: Swinging Strike
1-1: Ball
2-1: Ball
3-1: Swinging Strike
3-2: Strikes out swinging
Pitching: RHP Chris McCade
Batting: RHB Willie Camacho 0-0: Ball
Wild Pitch!
Mike Rosa scores
Danny Montoya to third
1-0: Ball
2-0: Ball
3-0: Called Strike
3-1: SINGLE (Groundball, 6S, EV 63.1 MPH) (infield hit)
Danny Montoya scores
Batting: RHB Bakhtiar Asadov 0-0: Called Strike
0-1: Called Strike
0-2: Strikes out looking
Top of the 9th over - 2 runs, 2 hits, 0 errors, 1 left on base; Lowell 8 - Idaho Falls 5
BOTTOM OF THE 9TH
Idaho Falls Chukars batting - Pitching for Lowell Spinners : RHP Mike Goodwin
Pitching: LHP Ken Berger
Batting: RHB Milanni Isaaka 0-0: Called Strike
0-1: Ball
1-1: Ball
2-1: Ball
3-1: Base on Balls
Batting: RHB Hugo Chavez 0-0: Ball
1-0: Called Strike
1-1: Called Strike
1-2: Foul Ball, location: 2F
1-2: Strikes out swinging
Batting: RHB Masakuni Takeuchi 0-0: Ball
1-0: Ball
2-0: Swinging Strike
2-1: Called Strike
Pickoff Throw to First - Out! 1-3
2-2: Ball
3-2: Foul Ball, location: 2F
3-2: Strikes out swinging
Bottom of the 9th over - 0 runs, 0 hits, 0 errors, 0 left on base; Lowell 8 - Idaho Falls 5
Sunday, July 16th , 2023 - OOTP Baseball 24.6 Build 69